 Dungeon Crawl Stone Soup version 0.19-a0-27-g415f530 (webtiles) character file.

350 M4edhros the Martial Artist (level 6, -2/46 HPs)
             Began as a Vampire Monk on May 1, 2016.
             Slain by a centaur (6 damage)
             ... on level 7 of the Dungeon.
             The game lasted 00:04:28 (819 turns).

M4edhros the Martial Artist (Vampire Monk)           Turns: 819, Time: 00:04:29

Health: -2/46      AC:  3    Str: 11 (12) XL:     6   Next: 33%
Magic:  6/6        EV: 14    Int: 11 (12) God:
Gold:   80         SH:  0    Dex: 17      Spells: 0 memorised, 5 levels left

rFire  . . .     SeeInvis +       - Unarmed
rCold  . . .     Gourm    .     a - +0 robe
rNeg   . . .     Faith    .     (no shield)
rPois  .         Spirit   .     e - +0 helmet
rElec  .         Dismiss  .     (no cloak)
rCorr  .         Reflect  .     (no gloves)
SustAt .         Harm     .     (no boots)
MR     .....                    (no amulet)
Stlth  +++.......               (no ring)
                                (no ring)

@: very slightly contaminated, regenerating quickly, not resistant to hostile
enchantments, fairly stealthy
A: fangs 3, see invisible, unbreathing
a: no special abilities


You were on level 7 of the Dungeon.
You were full.

You visited 1 branch of the dungeon, and saw 7 of its levels.

You collected 80 gold pieces.

Inventory:

Armour
 a - a +0 robe (worn)
 e - a +0 helmet (worn)
Wands
 b - a wand of lightning (0/15)
Potions
 d - 2 potions of heal wounds
 g - a potion of lignification


   Skills:
 - Level 2.6 Fighting
 - Level 3.2 Dodging
 - Level 3.0 Stealth
 + Level 8.4 Unarmed Combat


You had 5 spell levels left.
You didn't know any spells.

Dungeon Overview and Level Annotations

Branches:
Dungeon (7/15)
 Temple: D:4-7

Altars:
Dithmenos
Yredelemnul


Innate Abilities, Weirdness & Mutations

Your natural rate of healing is unusually fast.
You have razor-sharp teeth.
You have supernaturally acute eyesight.
You can survive without breathing.


Message History

The centaur misses you. The centaur hits you!
* * * LOW HITPOINT WARNING * * *
The centaur wields a shortbow.
The centaur shoots an arrow.
The arrow misses you.
Found a ring mail.
The centaur unwields an uncursed shortbow.
The centaur barely misses you.
You hit the centaur but do no damage.
The centaur is moderately wounded.
The centaur closely misses you.
Unknown command.
You barely miss the centaur.
The centaur is moderately wounded.
The centaur closely misses you.
The centaur hits you but does no damage.
Unknown command.
You hit the centaur.
The centaur is severely wounded.
The centaur hits you.
You die...

.. .. .# ##. .# #(. .#
#.# .# #.# .# ##+##
#.###.###.# ##.<.##
#....@....# ##.....#
#....c...## ##.......
#.###.#...####........
[.............'........
##
.###.#...####........
#....## ##.......
###.## ##.....# #.#
##...## #Z# #+##


You could see a centaur.

Vanquished Creatures
  A sky beast (D:6)
  A phantom (D:5)
  A giant frog (D:6)
  A giant frog zombie (D:5)
  A crimson imp (D:6)
  A worker ant (D:4)
  A worker ant zombie (D:6)
  A giant gecko (D:1)
  An orc (D:6)
  A bat (D:3)
  2 goblins
  2 hobgoblins
  A quokka (D:2)
  2 kobolds
  A rat (D:3)
18 creatures vanquished.

Notes
Turn   | Place    | Note
--------------------------------------------------------------
     0 | D:1      | M4edhros the Vampire Monk began the quest for the Orb.
     0 | D:1      | Reached XP level 1. HP: 17/17 MP: 1/1
   256 | D:2      | Reached XP level 2. HP: 20/23 MP: 2/2
   422 | D:3      | Reached skill level 5 in Unarmed Combat
   471 | D:3      | Found a basalt altar of Yredelemnul.
   541 | D:4      | Reached XP level 3. HP: 21/28 MP: 3/3
   570 | D:5      | Entered Level 5 of the Dungeon
   586 | D:5      | Noticed a phantom
   612 | D:5      | Reached skill level 6 in Unarmed Combat
   612 | D:5      | Reached XP level 4. HP: 15/34 MP: 4/4
   629 | D:5      | Killed a phantom
   629 | D:5      | Reached skill level 7 in Unarmed Combat
   629 | D:5      | Reached XP level 5. HP: 17/39 MP: 5/5
   644 | D:6      | Noticed a sky beast
   662 | D:6      | Killed a sky beast
   673 | D:6      | Reached skill level 8 in Unarmed Combat
   673 | D:6      | Reached XP level 6. HP: 28/46 MP: 6/6
   757 | D:6      | Found a shadowy altar of Dithmenos.
   819 | D:7      | Slain by a centaur

Vault maps used:
D:1:      minmay_arrival_stair_chambers
D:2:      nicolae_ru_great_annihilating_truth, nicolae_qazlal_eye_of_the_storm
D:3:      nicolae_ashenzari_panopticon, overflow_temple_1_default, first_bread
D:4:      minmay_temple_entry_butterflies, kennysheep_orc_chapel
D:5:      zin_academy
D:6:      gammafunk_temple_overflow_forgotten, hex_tiny,
          nicolae_dithmenos_the_darkroom
D:7:      lemuel_round_altar, grunt_livestock, uniq_pikel

Skill      XL: |  1  2  3  4  5 |
---------------+----------------+-----
Unarmed Combat | 5 6 7 8 |  8.4
Fighting       | |  2.6
Dodging        | |  3.2
Stealth        | |  3.0

Action                   |  1- 3 |  4- 6 || total
-------------------------+-------+-------++-------
Melee: Unarmed           |    62 |    54 ||   116
       Bite              |     9 |     3 ||    12
       Punch             |     2 |       ||     2
Evoke: Wand              |       |     1 ||     1
  Use: Potion            |     7 |     5 ||    12
       Scroll            |       |     5 ||     5
 Stab: Sleeping          |     3 |     1 ||     4
       Invisible         |       |     2 ||     2
Armor: Robe              |     7 |     4 ||    11
       Skin              |       |    10 ||    10
Dodge: Dodged            |    39 |    29 ||    68
